 Seeded DCSS version 0.30.0-29-ga12c61a403 (webtiles) character file.

Game seed: 18007716519941398942 (custom seed)

4 Dadbod the Shield-Bearer (level 1, 14/18 HPs)
             Began as a Formicid Fighter on June 5, 2023.
             Quit the game on level 1 of the Dungeon.
             The game lasted 00:00:47 (104 turns).

Dadbod the Shield-Bearer (Formicid Fighter)          Turns: 104, Time: 00:00:47

Health: 14/18      AC:  6    Str: 20    XL:     1   Next: 77%
Magic:  1/1        EV:  9    Int:  7    God:
Gold:   778        SH:  5    Dex: 13    Spells: 0/0 levels left

rFire   . . .        a - +0 war axe
rCold   . . .        c - +0 buckler
rNeg    . . .        b - +0 scale mail
rPois   .            (helmet unavailable)
rElec   .            (no cloak)
rCorr   .            (no gloves)
SInv    +            (no boots)
Will    .....        (no amulet) Stlth
                     (no ring)
HPRegen 0.23/turn    (no ring)
MPRegen 0.07/turn

%: no passive effects
@: studying Fighting
A: permanent stasis, dig shafts and tunnels, antennae 3, four strong arms
a: Dig, Shaft Self


You were on level 1 of the Dungeon.
You visited 1 branch of the dungeon, and saw 1 of its levels.

You collected 778 gold pieces.

Inventory:

Hand Weapons
 a - a +0 war axe (weapon)
Armour
 b - a +0 scale mail (worn)
 c - a +0 buckler (worn)
Jewellery
 g - the amulet "Cashrar" {Acrobat rC+ Regen+}
   (You acquired it on level 1 of the Dungeon)

   [amulet of the acrobat]

   It increases your evasion while moving and waiting.
   rC:        It protects you from cold.
   Regen:     It increases your rate of health regeneration.
Scrolls
 e - a scroll of fog {unknown}
Potions
 d - a potion of might


   Skills:
 + Level 3.4 Fighting
 + Level 2.0 Axes
 + Level 3.4 Armour
 + Level 4.1 Shields


You couldn't memorise any spells.
You didn't know any spells.
Your spell library was empty.

Dungeon Overview and Level Annotations

Branches:
Dungeon (1/15)

Altars:


Innate Abilities, Weirdness & Mutations

You cannot be hasted, slowed, berserked, paralysed or teleported.
You can dig through walls and to a lower floor.
You have a pair of large antennae on your head. (SInv)
Your four strong arms can wield two-handed weapons with a shield.


Message History

You kill the hobgoblin!
Found a long sword.
Found 2 lumpy sapphire potions.
Found a scroll labelled UNKIPPOYZU.
You sense a monster nearby.
A goblin comes into view. It is wielding a +0 dagger.
The goblin shouts!
An endoplasm comes into view.
You see here a scroll labelled UNKIPPOYZU.
e - a scroll labelled UNKIPPOYZU A frilled lizard comes into view.
The frilled lizard hisses angrily.
You block the goblin's attack.
You slash the goblin!
You kill the goblin!
You completely miss the endoplasm. The endoplasm freezes you.
You are frozen.
The endoplasm freezes you.
You are frozen.
You slash the endoplasm!
You kill the endoplasm!
You closely miss the frilled lizard. You block the frilled lizard's attack.
The frilled lizard bites you.
You hit the frilled lizard.
You kill the frilled lizard!
Things that are here:
a +0 dagger; a goblin corpse
Found 3 scrolls labelled DICAOL JAOKK.
f - 3 scrolls labelled DICAOL JAOKK This is a scroll of acquirement!
Something appears at your feet!
You now have 778 gold pieces.
Something appears at your feet!
g - the amulet "Cashrar" {Acrobat rC+ Regen+} You see here a manual of Fighting.
Something appears at your feet!
You pick up a manual of Fighting and begin studying.
Are you sure you want to abandon this character and quit the game? (Confirm with "yes".)
Okay, then.
Are you sure you want to abandon this character and quit the game? (Confirm with "yes".)

.............(.
..##.#.########
.# #.#.# .
#.#.#
#.#........
#.#############
#.# #.. ..#
###.##### #.#
#.# #......)#
#.# #@#
#.#.##.## #.#
#.# #.#..#.#
##.###.#{ #
##.#.# #...)..#
.#.# #..###.# {
.#.# #..# #.#
.#.# #..# ###
.#.# #..# #.#
#..#


There were no monsters in sight!

Vanquished Creatures
  An endoplasm (D:1)
  A goblin (D:1)
  A hobgoblin (D:1)
  A frilled lizard (D:1)
4 creatures vanquished.

Notes
Turn   | Place    | Note
-------+----------+-------------------------------------------
     0 | D:1      | Dadbod the Formicid Fighter began the quest for the Orb.
     0 | D:1      | Reached XP level 1. HP: 18/18 MP: 1/1
    98 | D:1      | Identified 3 scrolls of acquirement
    98 | D:1      | Acquired 778 gold pieces
   100 | D:1      | Acquired the amulet "Cashrar" {Acrobat rC+ Regen+}
   102 | D:1      | Acquired a manual of Fighting
   104 | D:1      | Quit the game

Illustrated notes

Levels and vault maps discovered:
D:1:      psy_arrival_dodecagon, layout_basic,
          dreamdust_ecumenical_altar_sealed_demon

Action                     || total
---------------------------++-------
  Melee: War axe           ||     6
    Use: Scroll            ||     3
  Block: Buckler           ||     3
